 Dungeon Sprint DCSS version 0.32-a0-799-g95e1662365 (webtiles) character file.

Game seed: 12712142764729741407

359368 rocky1 the Conqueror (level 20, -16/157 HPs)
             Began as a Gargoyle Fighter on Mar 22, 2024.
             Was an Initiate of Gozag.
             Demolished by a rockslime (39 damage)
             ... created by the Royal Jelly
             ... in the Dungeon (Sprint IX: "|||||||||||||||||||||||||||||").
             The game lasted 00:52:26 (12373 turns).

rocky1 the Conqueror (Gargoyle Fighter)            Turns: 12373, Time: 00:52:26

Health: -16/157    AC: 30    Str: 38    XL:     20   Next: 45%
Magic:  39/39      EV: 22    Int: 14    God:    Gozag
Gold:   2879       SH: 17    Dex: 12    Spells: 42/50 levels left

rFire   + + +        a - +9 eveningstar (holy)
rCold   + + +        L - +0 kite shield {rF+}
rNeg    + + .        H - +5 scale mail of Periwinkles {+Blink rF++ Str+2}
rPois   ∞            F - +0 mask of the Dragon {Will+ Slay+3 SInv}
rElec   +            T - +2 cloak
rCorr   +            q - +0 pair of gloves of Devotion {rPois rC+ Str-3 SInv}
SInv    +            G - +2 pair of boots of the Past {rElec Regen+}
Will    ++...        D - amulet of regeneration Stlth
                     S - ring of Ruje {rC+ rCorr Str+6 Dex+4 Stlth-}
HPRegen 2.06/turn    m - ring of the Princess {+Blink rF+ rN+ Str+3 Int+3}
MPRegen 0.26/turn

%: no teleportation, clarity
@: resistant, corroded, gold aura, fragile (+50% incoming damage), flying,
hasted, very quick
A: sickness immunity, AC +15, big wings, negative energy resistance 1,
electricity resistance, torment resistance 1, petrification resistance, clarity,
sense surroundings 1, strong 1, sturdy frame 1
}: 6/17 runes: decaying, serpentine, barnacled, elven, silver, gossamer
a: Renounce Religion, Evoke Blink, Potion Petition, Call Merchant, Bribe Branch


You were in the Dungeon.
You worshipped Gozag.
Gozag was most pleased with you.
You visited 1 branch You collected 46898 gold pieces.
You spent 19929 gold pieces at shops.
You paid 24090 gold pieces to Gozag.

Inventory:

Hand Weapons
 a - a +9 eveningstar of holy wrath (weapon)
 n - a +8 heavy morningstar
Armour
 q - the +0 pair of gloves of Devotion (worn) {rPois rC+ Str-3 SInv}
   (You found it in the Dungeon)

   Str-3:     It affects your strength (-3).
   rC+:       It protects you from cold.
   rPois:     It protects you from poison.
   SInv:      It lets you see invisible.
 F - the +0 mask of the Dragon (worn) {Will+ Slay+3 SInv}
   (You bought it in a shop in the Dungeon)

   Slay+3:    It affects your accuracy & damage with ranged weapons and melee
   (+3).
   Will+:     It increases your willpower.
   SInv:      It lets you see invisible.
 G - the +2 pair of boots of the Past (worn) {rElec Regen+}
   (You found it in the Dungeon)

   rElec:     It insulates you from electricity.
   Regen+:    It increases your rate of health regeneration.
 H - the +5 scale mail of Periwinkles (worn) {+Blink rF++ Str+2}
   (You bought it in a shop in the Dungeon)

   Str+2:     It affects your strength (+2).
   rF++:      It greatly protects you from fire.
   +Blink:    It lets you blink.
 L - a +0 kite shield of fire resistance (worn)
 T - a +2 cloak (worn)
Jewellery
 m - the ring of the Princess (right hand) {+Blink rF+ rN+ Str+3 Int+3}
   (You bought it in a shop in the Dungeon)

   [ring of positive energy]

   Str+3:     It affects your strength (+3).
   Int+3:     It affects your intelligence (+3).
   rF+:       It protects you from fire.
   rN+:       It protects you from negative energy.
   +Blink:    It lets you blink.
 D - an amulet of regeneration (around neck)
 P - the ring of Veikh {+Blink rF+ rC++ Int-2}
   (You found it in the Dungeon)

   [ring of protection from fire]

   Int-2:     It affects your intelligence (-2).
   rF+:       It protects you from fire.
   rC++:      It greatly protects you from cold.
   +Blink:    It lets you blink.
 S - the ring of Ruje (left hand) {rC+ rCorr Str+6 Dex+4 Stlth-}
   (You found it in the Dungeon)

   [ring of protection from cold]

   Str+6:     It affects your strength (+6).
   Dex+4:     It affects your dexterity (+4).
   rC+:       It protects you from cold.
   rCorr:     It protects you from acid and corrosion.
   Stlth-:    It makes you less stealthy.
Scrolls
 d - a scroll of revelation
 e - 4 scrolls of immolation
 i - 5 scrolls of fear
 k - 3 scrolls of amnesia
 l - 3 scrolls of blinking
 u - a scroll of torment
 x - 6 scrolls of enchant armour
 y - a scroll of poison
 B - 3 scrolls of fog
 C - a scroll of silence
 N - a scroll of brand weapon
Potions
 c - 3 potions of enlightenment
 f - 17 potions of heal wounds
 g - 3 potions of brilliance
 h - 10 potions of magic
 j - 11 potions of curing
 s - 2 potions of berserk rage
 w - a potion of cancellation
 z - a potion of attraction
 A - a potion of ambrosia
 W - 5 potions of haste
 X - 2 potions of resistance
 Y - a potion of invisibility
 Z - a potion of might
Miscellaneous
 o - a sack of spiders
 t - a condenser vane
 O - a phial of floods


   Skills:
 O Level 27 Fighting
 - Level 2.1(2.6) Short Blades
 - Level 2.1(2.5) Long Blades
 - Level 2.1(16.8) Axes
 O Level 27 Maces & Flails
 - Level 2.1(3.0) Polearms
 - Level 2.3(18.2) Staves
 - Level 2.5 Ranged Weapons
 - Level 2.1 Throwing
 O Level 27 Armour
 O Level 27 Dodging
 O Level 27 Shields
 - Level 2.4 Unarmed Combat
 + Level 15.6 Spellcasting
 + Level 18.1 Conjurations
 - Level 7.1 Hexes
 - Level 7.3 Summonings
 - Level 6.1 Necromancy
 - Level 6.7 Translocations
 - Level 7.4 Fire Magic
 - Level 7.4 Ice Magic
 - Level 6.1 Air Magic
 + Level 19.4 Earth Magic
 - Level 6.1 Alchemy
 - Level 2.6 Invocations
 - Level 20.9 Evocations
 - Level 2.2 Shapeshifting


You had 42 spell levels left.
You knew the following spells:

 Your Spells              Type           Power      Damage    Failure   Level
a - Lehudib's Crystal Sp  Conj/Erth      29%        10d8      21%         8

Your spell library contained the following spells:

 Spells                   Type           Power      Damage    Failure   Level
 Sandblast                Erth           100%       2d20      0%          1
 Stone Arrow              Conj/Erth      100%       3d13      0%          3
 Kiss of Death            Conj/Necr      100%       2d13      1%          1
 Necrotise                Necr           100%       1d9       1%          1
 Ensorcelled Hibernation  Hex/Ice        62%        N/A       1%          2
 Jinxbite                 Hex            62%        N/A       1%          2
 Lesser Beckoning         Tloc           58%        N/A       1%          2
 Confusing Touch          Hex            31%        N/A       1%          3
 Dazzling Flash           Conj/Hex       92%        N/A       1%          3
 Gell's Gravitas          Tloc           29%        N/A       1%          3
 Hailstorm                Conj/Ice       46%        3d10      1%          3
 Inner Flame              Hex/Fire       31%        N/A       1%          3
 Mephitic Cloud           Conj/Alch/Air  39%        N/A       1%          3
 Summon Ice Beast         Ice/Summ       31%        N/A       1%          3
 Teleport Other           Tloc           29%        N/A       1%          3
 Vampiric Draining        Necr           28%        2d8       1%          3
 Volatile Blastmotes      Fire/Tloc      60%        2d15      1%          3
 Brom's Barrelling Bould  Conj/Erth      59%        2d7       1%          4
 Flame Wave               Conj/Fire      46%        2d12      1%          4
 Fulminant Prism          Conj/Alch      22%        3d12      1%          4
 Iskenderun's Mystic Bla  Conj/Tloc      45%        2d10      1%          4
 Cause Fear               Hex            15%        N/A       3%          4
 Dimensional Bullseye     Hex/Tloc       15%        N/A       3%          4
 Martyr's Knell           Necr/Summ      29%        N/A       4%          4
 Passage of Golubria      Tloc           29%        N/A       4%          4
 Sticky Flame             Fire/Alch      29%        2d7       4%          4
 Permafrost Eruption      Ice/Erth       24%        2x4d8     4%          6
 Dispel Undead            Necr           28%        3d13      5%          4
 Conjure Ball Lightning   Conj/Air       22%        3x3d6     7%          6
 Silence                  Hex/Air        14%        N/A       12%         5
 Yara's Violent Unravell  Hex/Alch       14%        3d7       12%         5
 Alistair's Intoxication  Alch           18%        N/A       14%         5
 Curse of Agony           Necr           28%        N/A       16%         5
 Sculpt Simulacrum        Ice/Alch       15%        N/A       54%         6
 Eringya's Noxious Bog    Alch           14%        4d6       63%         6
 Monstrous Menagerie      Summ           15%        N/A       95%         7
 Enfeeble                 Hex            15%        N/A       96%         7
 Malign Gateway           Summ/Tloc      15%        N/A       97%         7
 Haunt                    Necr/Summ      14%        N/A       98%         7
 Discord                  Hex            15%        N/A       100%        8
 Disjunction              Tloc           14%        N/A       100%        8
 Summon Horrible Things   Summ           15%        N/A       100%        8
 Cigotuvi's Dreadful Rot  Necr/Alch/Air  Unusable   N/A       N/A         2
 Animate Dead             Necr           Unusable   N/A       N/A         4

Dungeon Overview and Level Annotations

Branches:
Dungeon (1/1)

Altars:
Cheibriados
Dithmenos
Elyvilon
Fedhas
Gozag
Hepliaklqana
Kikubaaqudgha
Makhleb
Nemelex Xobeh
Okawaru
Qazlal
Ru
Sif Muna
Trog
Uskayaw
Vehumet
Wu Jian
Xom
Yredelemnul
Zin
The Shining One
Beogh
Jiyva
Lugonu

Shops:
D (**=(*[[((!?!:


Innate Abilities, Weirdness & Mutations

You are immune to sickness and miasma.
Your stone body is resilient. (AC +15)
You are immune to poison.
Your large and strong wings let you fly.
You resist negative energy. (rN+)
You are resistant to electric shocks. (rElec)
You are resistant to unholy torment.
You are immune to petrification.
You possess an exceptional clarity of mind.
You passively map a small area around you.
Your muscles are strong. (Str +4, Int/Dex -1)
Your movements are slightly less encumbered by armour. (ER -2)


Message History

The acid blob quivers.
You hit the rockslime but do no damage.
The rockslime is severely wounded.
The quicksilver ooze is engulfed in a thunderstorm.
You block the quicksilver ooze's attack. x2
You block the rockslime's attack.
Unknown command.
You hit the rockslime but do no damage.
The rockslime is severely wounded.
The quicksilver ooze is engulfed in a thunderstorm.
You kill the quicksilver ooze!
That felt strangely unrewarding.
You sock the rockslime!
The rockslime is almost dead.
You block the rockslime's attack.
You hit the rockslime but do no damage.
The rockslime is almost dead.
The acid blob is no longer distracted by gold.
You impale the rockslime!!
You kill the rockslime!
That felt strangely unrewarding.
The rockslime completely misses you. The glass eye gazes at you.
You feel your fragility will last longer.
The acid blob spits acid at you. The splash of acid hits you! You resist.
* * * LOW HITPOINT WARNING * * *
The rockslime is engulfed in a thunderstorm.
You see here 252 gold pieces.
Unknown command.
You hit the acid blob.
Your hands burn!
* * * LOW HITPOINT WARNING * * *
The acid blob is lightly wounded.
You block the acid blob's attack.
Unknown command.
You bludgeon the acid blob!!
Your hands burn!
* * * LOW HITPOINT WARNING * * *
The acid blob is heavily wounded.
The rockslime hits you!!
You die...
Your body crumbles into a pile of gold.

.▓.▓.▓.▓.▓.▓0▓.▓.▓,*,*,*,*
.▓.▓.▓.▓.▓.▓.▓.▓.▓,*,*,*,*
(▓.▓.▓.▓)▓.▓.▓.▓G▓,*,*,*,*
)▓.▓.▓.▓)▓.▓.▓.▓J▓,*,*,*,*
[▓.▓.▓.▓'▓.▓.▓.▓.▓,*,*,*,*
.▓.▓.▓.▓.▓.▓.▓.▓J▓,*,*,*,*
.▓.▓.▓.▓.▓.▓.▓.▓J▓,*,*,*,*
.▓.▓.▓.▓=▓.▓'▓.▓J▓,*,*,*,*
)▓.▓.▓.▓[▓.▓.▓.▓@▓,*+*,*,*
.▓.▓.▓.▓.▓.▓.▓.▓J▓,*,*,*,*
.▓)▓.▓.▓)▓.▓.▓.▓§▓,*,*,*,*
.▓[▓.▓.▓)▓.▓.▓.▓$▓,*,*,*,*
.▓)▓.▓.▓.▓.▓.▓.▓$▓,*,*,*+*
)▓.▓.▓.▓)▓.▓.▓.▓☼▓,*,*,*,*
)▓.▓.▓.▓)▓.▓.▓.▓§▓,*,*,*+*
)▓.▓.▓.▓.▓.▓.▓.▓$▓,*,*,*,*
)▓.▓.▓.▓)▓.▓.▓.▓.▓,*,*,*,*


You could see 3 acid blobs, an azure jelly, a rockslime and a glass eye.

Vanquished Creatures
  the Royal Jelly (D)
  Frederick (D)
  2 ancient liches (D)
  Mara (D)
  Mennas (D)
  2 orbs of fire (D)
  Boris (D)
  Sojobo (D)
  A Killer Klown (D)
  Margery (D)
  Saint Roka (D)
  2 curse toes (D)
  Jory (D)
  7 golden dragons (D)
  Nikola (D)
  Rupert (D)
  4 electric golems (D)
  A hellephant (D)
  A tentacled monstrosity (D)
  28 Orb Guardians (D)
  3 liches (D)
  A titan (D)
  4 quicksilver dragons (D)
  6 acid blobs (D)
  3 deep elf master archers (D)
  2 deep elf blademasters (D)
  Agnes (D)
  A death cob (D)
  8 shadow dragons (D)
  5 tengu reavers (D)
  Kirke (D)
  Ilsuiw (D)
  9 azure jellies (D)
  4 storm dragons (D)
  5 rockslimes (D)
  Aizul (D)
  A protean progenitor (D)
  3 nagarajas (D)
  2 fire giants (D)
  A draconian knight (D)
  3 vault wardens (D)
  A ghost moth (D)
  4 draconian shifters (D)
  2 draconian scorchers (D)
  5 emperor scorpions (D)
  An ironbound preserver (D)
  A spriggan defender (D)
  A draconian stormcaller (D)
  2 very ugly things (D)
  2 draconian annihilators (D)
  2 quicksilver oozes (D)
  9 stone giants (D)
  3 green draconians (D)
  9 vampire knights (D)
  2 eleionomae (D)
  Nessos (D)
  2 deep elf death magi (D)
  3 yellow draconians (D)
  6 black draconians (D)
  2 purple draconians (D)
  2 white draconians (D)
  A deep elf annihilator (D)
  2 bunyips (D)
  A war gargoyle (D)
  2 spark wasps (D)
  3 deep elf demonologists (D)
  3 merfolk javelineers (D)
  6 ettins (D)
  5 yaktaur captains (D)
  5 deep elf high priests (D)
  4 fire dragons (D)
  5 merfolk impalers (D)
  2 peacekeepers (D)
  A rakshasa (D)
  2 great orbs of eyes (D)
  25 vault guards (D)
  4 ogre magi (D)
  A jorogumo (D)
  8 hydras (D)
  3 merfolk avatars (D)
  2 ice dragons (D)
  A spriggan air mage (D)
  4 merfolk aquamancers (D)
  2 centaur warriors (D)
  3 deep troll shamans (D)
  A satyr (D)
  4 deep troll earth magi (D)
  Erica (D)
  A tengu warrior (D)
  2 boulder beetles (D)
  6 naga warriors (D)
  A vampire mage (D)
  A demonic crawler (D)
  2 spriggan berserkers (D)
  Nergalle (D)
  A skyshark (D)
  3 shock serpents (D)
  A skeletal warrior (D)
  3 hell knights (D)
  5 deep trolls (D)
  2 pharaoh ants (D)
  2 sea snakes (D)
  An arcanist (D)
  8 swamp dragons (D)
  2 steelbarb worms (D)
  A spriggan druid (D)
  4 ironbound convokers (D)
  A phantasmal warrior (D)
  A wolf spider (D)
  3 orc knights (D)
  A cyclops (D)
  A will-o-the-wisp (D)
  8 moths of wrath (D)
  A water nymph (D)
  A water nymph (shapeshifter) (D)
  An eye of devastation (shapeshifter) (D)
  2 naga magi (D)
  3 black mambas (D)
  6 vault sentinels (D)
  3 guardian serpents (D)
  4 cane toads (D)
  A torpor snail (D)
  A freezing wraith (D)
  A komodo dragon (D)
  2 tengu conjurers (D)
  5 trolls (D)
  A troll (shapeshifter) (D)
  A tarantella (D)
  2 tyrant leeches (D)
  A wind drake (D)
  A glass eye (D)
  A dream sheep (D)
  3 blink frogs (D)
  A snapping turtle (D)
  A culicivora (D)
  3 yaks (D)
  11 spriggans (D)
  2 jumping spiders (D)
  2 slime creatures (D)
  Eustachio (D)
  A basilisk (D)
  2 hogs (D)
  A wyvern (D)
  A redback (D)
  Grum (D)
  4 vampire mosquitoes (D)
  4 nagas (D)
  A water moccasin (D)
  An acid dragon (D)
  An ice beast (D)
  14 orc warriors (D)
  A black bear (D)
  5 wolves (D)
  A gnoll sergeant (D)
  3 bullfrogs (D)
  4 orc priests (D)
  5 orc wizards (D)
  An adder (D)
  A white imp (D)
  An ufetubus (D)
  2 dart slugs (D)
  8 orcs (D)
  A jackal (D)
  A kobold (D)
  A ball python simulacrum (D)
  A bat (D)
  A frilled lizard (D)
477 creatures vanquished.

Vanquished Creatures (others)
  A human (D)
1 creature vanquished.

Grand Total: 478 creatures vanquished

Notes
Turn   | Place    | Note
-------+----------+-------------------------------------------
     0 | D        | rocky1 the Gargoyle Fighter began the quest for the Orb.
     0 | D        | Reached XP level 1. HP: 14/14 MP: 1/1
    24 | D        | Reached XP level 2. HP: 19/20 MP: 2/2
    31 | D        | Noticed an ice beast
   134 | D        | Killed an ice beast
   135 | D        | Reached skill level 5 in Fighting
   135 | D        | Reached skill level 5 in Armour
   135 | D        | Reached skill level 5 in Shields
   135 | D        | Reached XP level 3. HP: 4/26 MP: 3/3
   135 | D        | Reached XP level 4. HP: 5/31 MP: 4/4
   263 | D        | Reached XP level 5. HP: 32/36 MP: 5/5
   286 | D        | Found a roughly hewn altar of Beogh.
   286 | D        | Found a snail-covered altar of Cheibriados.
   286 | D        | Found a shadowy altar of Dithmenos.
   286 | D        | Found a white marble altar of Elyvilon.
   286 | D        | Found a blossoming altar of Fedhas.
   286 | D        | Found an opulent altar of Gozag.
   287 | D        | Found a hazy altar of Hepliaklqana.
   288 | D        | Found a viscous altar of Jiyva.
   289 | D        | Found an ancient bone altar of Kikubaaqudgha.
   290 | D        | Found a corrupted altar of Lugonu.
   291 | D        | Found a burning altar of Makhleb.
   292 | D        | Found a sparkling altar of Nemelex Xobeh.
   293 | D        | Found an iron altar of Okawaru.
   294 | D        | Became a worshipper of Gozag Ym Sagoz the Greedy
   295 | D        | Found a stormy altar of Qazlal.
   296 | D        | Found a sacrificial altar of Ru.
   297 | D        | Found a shimmering blue altar of Sif Muna.
   298 | D        | Found a bloodstained altar of Trog.
   299 | D        | Found a hide-covered altar of Uskayaw.
   300 | D        | Found a radiant altar of Vehumet.
   301 | D        | Found an ornate altar of the Wu Jian Council.
   302 | D        | Found a shimmering altar of Xom.
   303 | D        | Found a basalt altar of Yredelemnul.
   304 | D        | Found a glowing silver altar of Zin.
   305 | D        | Found a glowing golden altar of the Shining One.
   358 | D        | Noticed a troll
   358 | D        | Noticed a yak
   358 | D        | Noticed a wyvern
   358 | D        | Noticed a yak
   360 | D        | Reached skill level 5 in Maces & Flails
   361 | D        | Killed a wyvern
   362 | D        | Reached XP level 6. HP: 42/42 MP: 6/6
   366 | D        | Killed a yak
   367 | D        | Reached XP level 7. HP: 48/48 MP: 7/7
   371 | D        | Killed a yak
   372 | D        | Reached skill level 5 in Dodging
   378 | D        | Killed a troll
   379 | D        | Reached XP level 8. HP: 42/55 MP: 8/8
   425 | D        | Noticed a cyclops
   425 | D        | Noticed a skeletal warrior
   425 | D        | Noticed an eight-headed hydra
   425 | D        | Noticed an entropy weaver
   430 | D        | an entropy weaver changed into a basilisk
   439 | D        | a basilisk changed into a troll
   439 | D        | Noticed a troll (shapeshifter)
   440 | D        | Killed an eight-headed hydra
   441 | D        | Reached skill level 10 in Maces & Flails
   441 | D        | Reached skill level 10 in Armour
   448 | D        | Killed a troll
   449 | D        | Reached XP level 9. HP: 61/61 MP: 9/9
   449 | D        | Killed a skeletal warrior
   450 | D        | Reached skill level 10 in Shields
   453 | D        | Killed a cyclops
   454 | D        | Reached skill level 10 in Fighting
   593 | D        | Noticed a cane toad
   593 | D        | Noticed a cane toad
   593 | D        | Noticed a komodo dragon
   597 | D        | Noticed a cane toad
   610 | D        | Killed a komodo dragon
   620 | D        | Killed a cane toad
   621 | D        | Reached XP level 10. HP: 60/68 MP: 10/10
   624 | D        | Killed a cane toad
   634 | D        | Killed a cane toad
   773 | D        | Noticed a black mamba
   773 | D        | Noticed a skyshark
   773 | D        | Noticed a black mamba
   775 | D        | Noticed a seven-headed hydra
   777 | D        | Killed a black mamba
   787 | D        | Killed a skyshark
   801 | D        | Killed a seven-headed hydra
   802 | D        | Reached skill level 15 in Maces & Flails
   818 | D        | Killed a black mamba
   837 | D        | Reached XP level 11. HP: 26/76 MP: 11/11
  1612 | D        | Noticed an orc knight
  1627 | D        | Killed an orc knight
  2215 | D        | Found Xawes's General Store.
  2215 | D        | Noticed an ogre mage
  2215 | D        | Noticed a deep troll
  2215 | D        | Noticed an ettin
  2224 | D        | Killed an ettin
  2225 | D        | Noticed a deep troll
  2233 | D        | Noticed a deep troll
  2236 | D        | Killed a deep troll
  2237 | D        | Found Tooxzyle's Assorted Antiques.
  2253 | D        | Killed an ogre mage
  2260 | D        | Killed a deep troll
  2261 | D        | Found Jiz Xyli's Magic Scroll Boutique.
  2264 | D        | Killed a deep troll
  2265 | D        | Reached skill level 15 in Fighting
  2270 | D        | Reached XP level 12. HP: 38/88 MP: 12/12
  2270 | D        | Found Nicwiyxa's Antique Weapon Shop.
  2272 | D        | Noticed an ettin
  2274 | D        | Noticed a stone giant
  2275 | D        | Noticed an ettin
  2284 | D        | Killed an ettin
  2293 | D        | Killed a stone giant
  2313 | D        | Killed an ettin
  2529 | D        | Bought a scroll of blinking for 75 gold pieces
  2529 | D        | Bought a scroll of revelation for 75 gold pieces
  2529 | D        | Bought a potion of brilliance for 40 gold pieces
  2529 | D        | Bought a potion of curing for 30 gold pieces
  2531 | D        | Bought a scroll labelled UCZUBR QAICAUN for 31 gold pieces
  2531 | D        | Bought a scroll of amnesia for 124 gold pieces
  2531 | D        | Bought a potion of haste for 310 gold pieces
  2531 | D        | Bought a sapphire potion for 27 gold pieces
  2531 | D        | Bought a scroll labelled XENKIPT KUUCVE for 31 gold pieces
  2531 | D        | Bought a smoky pink potion for 27 gold pieces
  2531 | D        | Bought a scroll of identify for 62 gold pieces
  2531 | D        | Bought an emerald potion for 27 gold pieces
  2533 | D        | Bought a scroll of poison for 56 gold pieces
  2533 | D        | Bought a scroll of immolation for 56 gold pieces
  2533 | D        | Bought a scroll of enchant weapon for 105 gold pieces
  2533 | D        | Bought a scroll of identify for 28 gold pieces
  2533 | D        | Bought a scroll of fog for 56 gold pieces
  2533 | D        | Bought a scroll of identify for 28 gold pieces
  2533 | D        | Bought a scroll of identify for 28 gold pieces
  2533 | D        | Bought a scroll of silence for 133 gold pieces
  2535 | D        | Bought a pitted flail for 195 gold pieces
  2535 | D        | Identified the +3 flail "Newtslayer" {holy, rF+ Will-
                  | Dex+2} (You bought it in a shop in the Dungeon)
  2660 | D        | Bought the ring of the Princess {+Blink rF+ rN+ Str+3
                  | Int+3} for 804 gold pieces
  2660 | D        | Bought an amulet of regeneration for 450 gold pieces
  2660 | D        | Bought the ring of the First Interlopers {Str+6 Dex+7} for
                  | 865 gold pieces
  2775 | D        | Noticed Eustachio
  2794 | D        | Killed Eustachio
  2842 | D        | Noticed Grum
  2850 | D        | Killed Grum
  2938 | D        | Got the +2 pair of boots of the Past {rElec Regen+}
  3009 | D        | Bought a +2 morningstar of freezing for 307 gold pieces
  3009 | D        | Bought the +7 great mace "Firestarter" {flame, immolate,
                  | rFlCloud rF++} for 1139 gold pieces
  3009 | D        | Found the +7 great mace "Firestarter" {flame, immolate,
                  | rFlCloud rF++}
  3010 | D        | Noticed a centaur warrior
  3010 | D        | Noticed a tengu warrior
  3010 | D        | Noticed a boulder beetle
  3010 | D        | Noticed an ogre mage
  3012 | D        | Noticed an ogre mage
  3018 | D        | Paralysed by an ogre mage for 2 turns
  3022 | D        | Noticed a centaur warrior
  3026 | D        | Killed an ogre mage
  3027 | D        | Noticed an ice dragon
  3030 | D        | Noticed a vampire mage
  3039 | D        | Noticed a white very ugly thing
  3041 | D        | Killed a tengu warrior
  3049 | D        | Killed a boulder beetle
  3060 | D        | Noticed a deep troll shaman
  3062 | D        | Killed a centaur warrior
  3063 | D        | Noticed a stone giant
  3066 | D        | Killed an ogre mage
  3078 | D        | Killed an ice dragon
  3088 | D        | Noticed a rakshasa
  3094 | D        | Killed a white very ugly thing
  3102 | D        | Killed a stone giant
  3112 | D        | Killed a centaur warrior
  3118 | D        | Killed a vampire mage
  3119 | D        | Reached XP level 13. HP: 96/100 MP: 13/13
  3133 | D        | Killed a rakshasa
  3643 | D        | Noticed Agnes
  3662 | D        | Killed Agnes
  3678 | D        | Noticed Kirke
  3696 | D        | Killed Kirke
  3697 | D        | Reached skill level 15 in Armour
  3697 | D        | Reached skill level 15 in Shields
  3744 | D        | Noticed a merfolk impaler
  3750 | D        | Killed a merfolk impaler
  3789 | D        | Noticed a bunyip
  3789 | D        | Noticed a bunyip
  3792 | D        | Noticed an eleionoma
  3810 | D        | Killed a bunyip
  3815 | D        | Killed a bunyip
  3897 | D        | Killed an eleionoma
  4100 | D        | Gained mutation: Your large and strong wings let you fly.
                  | [Gargoyle growth]
  4100 | D        | Reached XP level 14. HP: 103/114 MP: 14/14
  4431 | D        | Noticed Saint Roka
  4449 | D        | Killed Saint Roka
  4482 | D        | Noticed Erica
  4494 | D        | Killed Erica
  4567 | D        | Noticed a cyan very ugly thing
  4567 | D        | Noticed a spriggan defender
  4586 | D        | Killed a spriggan defender
  4593 | D        | Killed a cyan very ugly thing
  4600 | D        | Noticed a tengu reaver
  4607 | D        | Noticed a fire giant
  4610 | D        | Noticed a fire giant
  4611 | D        | Noticed a stone giant
  4614 | D        | Noticed a stone giant
  4621 | D        | Killed a tengu reaver
  4628 | D        | Killed a fire giant
  4630 | D        | Noticed a stone giant
  4632 | D        | Noticed a stone giant
  4634 | D        | Killed a fire giant
  4645 | D        | Killed a stone giant
  4655 | D        | Killed a stone giant
  4663 | D        | Killed a stone giant
  4671 | D        | Killed a stone giant
  4672 | D        | Reached skill level 10 in Dodging
  4819 | D        | Noticed a vault warden
  4844 | D        | Killed a vault warden
  4863 | D        | Reached XP level 15. HP: 100/126 MP: 15/15
  4908 | D        | Reached skill level 27 in Fighting
  4912 | D        | Noticed a vault warden
  4936 | D        | Killed a vault warden
  5412 | D        | Bought a scroll labelled VEUDON JOTEGG for 38 gold pieces
  5412 | D        | Bought a phial of floods for 1520 gold pieces
  5412 | D        | Bought a scroll of poison for 152 gold pieces
  5412 | D        | Bought a scroll of revelation for 285 gold pieces
  5412 | D        | Bought a smoky sapphire potion for 34 gold pieces
  5412 | D        | Bought a shiny scale mail for 266 gold pieces
  5412 | D        | Bought a dented beryl amulet for 190 gold pieces
  5448 | D        | Noticed a tengu reaver
  5448 | D        | Noticed Sojobo
  5449 | D        | Noticed a tengu reaver
  5456 | D        | Killed a tengu reaver
  5486 | D        | Killed Sojobo
  5492 | D        | Killed a tengu reaver
  5506 | D        | Noticed Rupert
  5507 | D        | Identified the orb "Oshrapri" {*channel, Regen+ Hexes}
  5507 | D        | Noticed Frederick
  5526 | D        | Killed Frederick
  5538 | D        | Killed Rupert
  5843 | D        | Got the +0 pair of gloves of Devotion {rPois rC+ Str-3
                  | SInv}
  5890 | D        | Bought a glowing plate armour for 676 gold pieces
  5890 | D        | Bought a shiny kite shield for 195 gold pieces
  5944 | D        | Identified the +3 robe "Fifun" {Dex+6}
  5944 | D        | Noticed Boris
  5946 | D        | Noticed Jory
  5961 | D        | Killed Boris
  5977 | D        | Killed Jory
  6251 | D        | Got a decaying rune of Zot
  6360 | D        | Noticed a nagaraja
  6360 | D        | Noticed a nagaraja
  6366 | D        | Killed a nagaraja
  6367 | D        | Noticed a nagaraja
  6371 | D        | Killed a nagaraja
  6375 | D        | Killed a nagaraja
  6376 | D        | Reached XP level 16. HP: 94/133 MP: 16/16
  6411 | D        | Got a serpentine rune of Zot
  6549 | D        | Bought a brightly glowing chain mail for 294 gold pieces
  6549 | D        | Identified the +0 chain mail of the Lime {rElec rCorr
                  | Dex+2} (You bought it in a shop in the Dungeon)
  6549 | D        | Bought the +0 mask of the Dragon {Will+ Slay+3 SInv} for
                  | 1035 gold pieces
  6549 | D        | Found the +0 mask of the Dragon {Will+ Slay+3 SInv}
  6549 | D        | Bought a polished scale mail for 279 gold pieces
  6549 | D        | Identified the +5 scale mail of Periwinkles {+Blink rF++
                  | Str+2} (You bought it in a shop in the Dungeon)
  6549 | D        | Bought a pair of glowing boots for 232 gold pieces
  6596 | D        | Noticed Ilsuiw
  6655 | D        | Killed Ilsuiw
  6714 | D        | Got a barnacled rune of Zot
  6884 | D        | Got a gossamer rune of Zot
  7245 | D        | Identified the serpent talisman "Epanysej" {rCorr Dex+2}
  7245 | D        | Noticed Aizul
  7246 | D        | Noticed Mara
  7263 | D        | Killed Aizul
  7269 | D        | Killed Mara
  7276 | D        | Noticed Nikola
  7313 | D        | Killed Nikola
  7314 | D        | Reached skill level 27 in Maces & Flails
  7636 | D        | Reached skill level 27 in Shields
  7731 | D        | Reached skill level 15 in Dodging
  7790 | D        | Reached XP level 17. HP: 138/139 MP: 17/17
  7868 | D        | Noticed Margery
  7868 | D        | Noticed a hellephant
  7868 | D        | Noticed Nessos
  7870 | D        | Bought a +2 eveningstar of holy wrath for 741 gold pieces
  8045 | D        | Noticed a golden dragon
  8056 | D        | Noticed a titan
  8067 | D        | Killed a golden dragon
  8085 | D        | Killed a titan
  8087 | D        | Got Jyafaits's Incunabulum of the Enchanted Cucurbite
  8092 | D        | Got a silver rune of Zot
  8136 | D        | Noticed Nergalle
  8141 | D        | Killed Nergalle
  8142 | D        | Reached skill level 1 in Evocations
  8176 | D        | Killed Margery
  8182 | D        | Killed the ghostly Margery
  8206 | D        | Killed a hellephant
  8207 | D        | Reached skill level 5 in Evocations
  8251 | D        | Noticed Mennas
  8299 | D        | Killed Mennas
  8365 | D        | Got the ring "Juxov" {rElec Will+}
  8367 | D        | Got the ring of Veikh {+Blink rF+ rC++ Int-2}
  8369 | D        | Got the ring "Hooq" {rElec rPois EV+3}
  8371 | D        | Got the amulet "Owyminom" {Reflect ^Fragile +Inv Str+3 SH+5
                  | Stlth+}
  8373 | D        | Got the ring of Ruje {rC+ rCorr Str+6 Dex+4 Stlth-}
  8381 | D        | Got the +5 great mace of Gomicise {speed, Dex+5 SInv}
  8392 | D        | Got the +5 demon whip of the Head {freeze, Dex+3}
  8520 | D        | Killed Nessos
  8539 | D        | Noticed a golden dragon
  8573 | D        | Killed a golden dragon
  8593 | D        | Noticed a lich
  8596 | D        | Killed a lich
  8756 | D        | Noticed a golden dragon
  8756 | D        | Noticed a golden dragon
  8769 | D        | Killed a golden dragon
  8776 | D        | Killed a golden dragon
  8777 | D        | Reached XP level 18. HP: 128/145 MP: 18/18
  8793 | D        | Noticed a golden dragon
  8803 | D        | Reached skill level 10 in Evocations
  8818 | D        | Killed a golden dragon
  8868 | D        | Noticed a quicksilver dragon
  8868 | D        | Noticed a quicksilver dragon
  8868 | D        | Noticed a quicksilver dragon
  8876 | D        | Killed a quicksilver dragon
  8882 | D        | Killed a quicksilver dragon
  8896 | D        | Killed a quicksilver dragon
  9157 | D        | Bought a potion of resistance for 140 gold pieces
  9157 | D        | Bought a potion of magic for 112 gold pieces
  9157 | D        | Bought a potion of haste for 140 gold pieces
  9157 | D        | Bought a potion of curing for 42 gold pieces
  9157 | D        | Bought a potion of curing for 42 gold pieces
  9157 | D        | Bought a potion of heal wounds for 70 gold pieces
  9157 | D        | Bought a potion of invisibility for 112 gold pieces
  9159 | D        | Bought a scroll of fear for 68 gold pieces
  9159 | D        | Bought a scroll of fear for 68 gold pieces
  9159 | D        | Bought a scroll of enchant weapon for 127 gold pieces
  9161 | D        | Bought a potion of curing for 54 gold pieces
  9161 | D        | Bought 2 potions of enlightenment for 180 gold pieces
  9161 | D        | Bought a potion of resistance for 180 gold pieces
  9161 | D        | Bought a potion of mutation for 144 gold pieces
  9161 | D        | Bought a potion of heal wounds for 90 gold pieces
  9161 | D        | Bought a potion of berserk rage for 90 gold pieces
  9161 | D        | Bought a potion of might for 72 gold pieces
  9168 | D        | Noticed a golden dragon
  9210 | D        | Killed a golden dragon
  9371 | D        | Noticed a curse toe
  9397 | D        | Killed a curse toe
  9642 | D        | Identified a scroll of acquirement
  9642 | D        | Acquired a +3 heavy morningstar
  9668 | D        | Noticed a tentacled monstrosity
  9672 | D        | Killed a tentacled monstrosity
  9698 | D        | Reached skill level 27 in Dodging
 10168 | D        | Noticed an Orb Guardian
 10168 | D        | Noticed an Orb Guardian
 10168 | D        | Noticed an Orb Guardian
 10168 | D        | Noticed an Orb Guardian
 10168 | D        | Noticed an Orb Guardian
 10168 | D        | Noticed an Orb Guardian
 10172 | D        | Killed an Orb Guardian
 10176 | D        | Killed an Orb Guardian
 10177 | D        | Reached skill level 15 in Evocations
 10183 | D        | Killed an Orb Guardian
 10184 | D        | Noticed an Orb Guardian
 10187 | D        | Killed an Orb Guardian
 10190 | D        | Killed an Orb Guardian
 10191 | D        | Reached skill level 27 in Armour
 10195 | D        | Killed an Orb Guardian
 10199 | D        | Killed an Orb Guardian
 10200 | D        | Noticed an Orb Guardian
 10201 | D        | Noticed an Orb Guardian
 10206 | D        | Noticed an Orb Guardian
 10212 | D        | Killed an Orb Guardian
 10218 | D        | Killed an Orb Guardian
 10219 | D        | Reached skill level 1 in Ranged Weapons
 10219 | D        | Reached skill level 1 in Conjurations
 10219 | D        | Reached skill level 1 in Summonings
 10219 | D        | Reached skill level 1 in Earth Magic
 10219 | D        | Reached skill level 1 in Invocations
 10224 | D        | Killed an Orb Guardian
 10225 | D        | Reached skill level 1 in Short Blades
 10225 | D        | Reached skill level 1 in Axes
 10225 | D        | Reached skill level 1 in Staves
 10225 | D        | Reached skill level 1 in Unarmed Combat
 10225 | D        | Reached skill level 1 in Fire Magic
 10225 | D        | Reached skill level 1 in Ice Magic
 10225 | D        | Reached skill level 1 in Shapeshifting
 10242 | D        | Noticed an Orb Guardian
 10242 | D        | Noticed an Orb Guardian
 10242 | D        | Noticed a Killer Klown
 10247 | D        | Reached skill level 1 in Long Blades
 10247 | D        | Reached skill level 1 in Polearms
 10247 | D        | Reached skill level 1 in Throwing
 10247 | D        | Reached skill level 1 in Spellcasting
 10247 | D        | Reached skill level 1 in Hexes
 10247 | D        | Reached skill level 1 in Translocations
 10252 | D        | Noticed an Orb Guardian
 10257 | D        | Killed an Orb Guardian
 10258 | D        | Reached skill level 1 in Necromancy
 10258 | D        | Reached skill level 1 in Air Magic
 10258 | D        | Reached skill level 1 in Alchemy
 10267 | D        | Killed a Killer Klown
 10273 | D        | Killed an Orb Guardian
 10274 | D        | Reached XP level 19. HP: 146/151 MP: 19/21
 10417 | D        | Noticed an ancient lich
 10424 | D        | Killed an ancient lich
 10428 | D        | Noticed an orb of fire
 10428 | D        | Gained mutation: You occasionally lose the ability to read
                  | scrolls when taking damage. [an orb of fire]
 10431 | D        | Gained mutation: Your spells are a little easier to cast,
                  | but a little less powerful. [an orb of fire]
 10441 | D        | Gained mutation: Your body sometimes deteriorates upon
                  | taking damage. [an orb of fire]
 10447 | D        | Killed an orb of fire
 10451 | D        | Noticed an electric golem
 10473 | D        | Killed an electric golem
 10708 | D        | Noticed a curse toe
 10708 | D        | Noticed an electric golem
 10719 | D        | Noticed an orb of fire
 10724 | D        | Killed an electric golem
 10728 | D        | Killed a curse toe
 10728 | D        | Noticed an electric golem
 10747 | D        | Gained mutation: You are weak. (Str -2) [an orb of fire]
 10751 | D        | Gained mutation: Your spells are easier to cast, but less
                  | powerful. [an orb of fire]
 10757 | D        | Gained mutation: You sometimes lose the ability to read
                  | scrolls when taking damage. [an orb of fire]
 10768 | D        | Gained mutation: You are vulnerable to heat. (rF-) [an orb
                  | of fire]
 10771 | D        | Killed an orb of fire
 10772 | D        | Reached skill level 5 in Earth Magic
 10790 | D        | Reached skill level 5 in Conjurations
 10812 | D        | Lost mutation: Your spells are easier to cast, but less
                  | powerful. [potion of mutation]
 10812 | D        | Lost mutation: You are weak. (Str -2) [potion of mutation]
 10812 | D        | Gained mutation: You are robust. (+10% HP) [potion of
                  | mutation]
 10812 | D        | Gained mutation: You are dopey. (Int -2) [potion of
                  | mutation]
 10812 | D        | Gained mutation: You passively map a small area around you.
                  | [potion of mutation]
 10813 | D        | Lost mutation: You sometimes lose the ability to read
                  | scrolls when taking damage. [potion of mutation]
 10813 | D        | Lost mutation: Your spells are a little easier to cast, but
                  | a little less powerful. [potion of mutation]
 10813 | D        | Lost mutation: You occasionally lose the ability to read
                  | scrolls when taking damage. [potion of mutation]
 10813 | D        | Gained mutation: You are partially covered in iridescent
                  | scales. (AC +2) [potion of mutation]
 10813 | D        | Gained mutation: You have large cloven feet. [potion of
                  | mutation]
 10814 | D        | Lost mutation: You are robust. (+10% HP) [potion of
                  | mutation]
 10814 | D        | Lost mutation: You have large cloven feet. [potion of
                  | mutation]
 10814 | D        | Gained mutation: You possess an exceptional clarity of
                  | mind. [potion of mutation]
 10814 | D        | Lost mutation: You are partially covered in iridescent
                  | scales. (AC +2) [potion of mutation]
 10815 | D        | Lost mutation: Your body sometimes deteriorates upon taking
                  | damage. [potion of mutation]
 10815 | D        | Lost mutation: You are dopey. (Int -2) [potion of mutation]
 10815 | D        | Lost mutation: You are vulnerable to heat. (rF-) [potion of
                  | mutation]
 10815 | D        | Gained mutation: Your muscles are strong. (Str +4, Int/Dex
                  | -1) [potion of mutation]
 10815 | D        | Gained mutation: Your movements are slightly less
                  | encumbered by armour. (ER -2) [potion of mutation]
 11138 | D        | Bought Sif Muna's Grimoire of Mustering for 448 gold pieces
 11138 | D        | Bought a Grand Grimoire for 476 gold pieces
 11138 | D        | Bought a book of Displacement for 308 gold pieces
 11138 | D        | Bought a book of Necromancy for 476 gold pieces
 11138 | D        | Bought the Codex of Assistive Malisons for 476 gold pieces
 11138 | D        | Bought a book of the Senses for 560 gold pieces
 11138 | D        | Bought a book of Misfortune for 476 gold pieces
 11138 | D        | Bought a book of Geomancy for 308 gold pieces
 11138 | D        | Bought the Almanac of Lethal Venom for 504 gold pieces
 11138 | D        | Bought a book of Decay for 364 gold pieces
 11150 | D        | Killed an electric golem
 11157 | D        | Noticed an electric golem
 11162 | D        | Noticed a golden dragon
 11174 | D        | Killed a golden dragon
 11183 | D        | Killed an electric golem
 11184 | D        | Reached skill level 5 in Summonings
 11184 | D        | Reached skill level 5 in Fire Magic
 11184 | D        | Reached skill level 5 in Ice Magic
 11197 | D        | Reached skill level 5 in Spellcasting
 11197 | D        | Reached skill level 5 in Hexes
 11247 | D        | Noticed an ancient lich
 11254 | D        | Killed an ancient lich
 11255 | D        | Reached skill level 5 in Translocations
 11298 | D        | Reached skill level 5 in Necromancy
 11298 | D        | Reached skill level 5 in Air Magic
 11298 | D        | Reached skill level 5 in Alchemy
 11795 | D        | Bought a book of Blasting for 364 gold pieces
 11795 | D        | Bought a book of the Tundra for 572 gold pieces
 11795 | D        | Bought a book of the Moon for 520 gold pieces
 11795 | D        | Bought a book of Touch for 286 gold pieces
 11795 | D        | Bought a book of Flames for 364 gold pieces
 11795 | D        | Bought a book of Chaos for 650 gold pieces
 11804 | D        | Learned a level 8 spell: Lehudib's Crystal Spear
 11881 | D        | Paralysed by a vampire knight for 3 turns
 11892 | D        | Reached skill level 10 in Earth Magic
 11903 | D        | Reached skill level 10 in Conjurations
 12073 | D        | Reached skill level 10 in Spellcasting
 12131 | D        | Reached XP level 20. HP: 142/157 MP: 34/34
 12168 | D        | Reached skill level 15 in Earth Magic
 12198 | D        | Got an elven rune of Zot
 12268 | D        | Reached skill level 15 in Conjurations
 12295 | D        | Noticed the Royal Jelly
 12363 | D        | Killed the Royal Jelly
 12364 | D        | Reached skill level 15 in Spellcasting
 12373 | D        | Demolished by a rockslime

Illustrated notes

Levels and vault maps discovered:
D:        linesprint [early_d, line_temple, items_1, d_10, items_2, lair_1,
          lair_end, items_3, orc_1, orc_end, items_4, d_15, swamp_1, shoals_1,
          snake_1, spider_1, d_20, vaults_1, items_5, swamp_end, shoals_end,
          snake_end, spider_end, vaults_end, d_27, items_6, zot_1, zot_end,
          crypt_end, forest_end, elf_end, slime_end, tomb_end, abyss_end,
          pan_hell_end]

Skill      XL: |  1  2  3  4  5  6  7  8  9 10 11 12 13 14 15 16 17 18 19 20 |
---------------+-------------------------------------------------------------+-----
Shields        | 4 5 6 7 8 9 10 11 13 14 16 18 22 27 | 27.0
Fighting       | 5 6 7 8 9 10 11 15 19 23 26 27 | 27.0
Armour         | 5 6 7 8 9 10 11 12 13 14 15 16 19 21 24 27 | 27.0
Maces & Flails | 4 6 7 9 10 12 16 18 19 20 22 25 27 | 27.0
Dodging        | 2 3 4 5 6 7 8 9 10 11 16 23 27 | 27.0
Evocations     | 9 18 20 | 20.9
Ranged Weapons | 1 2 |  2.5
Conjurations   | 1 12 18 | 18.1
Summonings     | 1 7 |  7.3
Earth Magic    | 2 13 19 | 19.4
Invocations    | 1 2 |  2.6
Short Blades   | 1 2 |  2.1
Axes           | 1 2 |  2.1
Staves         | 1 2 |  2.3
Unarmed Combat | 1 2 |  2.4
Fire Magic     | 1 7 |  7.4
Ice Magic      | 1 7 |  7.4
Shapeshifting  | 1 2 |  2.2
Long Blades    | 1 2 |  2.1
Polearms       | 1 2 |  2.1
Throwing       | 1 2 |  2.1
Spellcasting   | 1 10 15 | 15.6
Hexes          | 1 7 |  7.1
Translocations | 1 6 |  6.7
Necromancy     | 1 6 |  6.1
Air Magic      | 1 6 |  6.1
Alchemy        | 1 6 |  6.1

Action                     |  1- 3 |  4- 6 |  7- 9 | 10-12 | 13-15 | 16-18 | 19-21 || total
---------------------------+-------+-------+-------+-------+-------+-------+-------++-------
  Melee: Flail             |    49 |    21 |       |       |       |       |       ||    70
         Morningstar       |       |     4 |    52 |   428 |   550 |   394 |       ||  1428
         Eveningstar       |       |       |       |       |       |   545 |   434 ||   979
 Invoke: Potion Petition   |       |       |     1 |     2 |     2 |     1 |     1 ||     7
         Call Merchant     |       |       |       |     2 |     2 |     6 |     2 ||    12
  Evoke: Wand              |       |     4 |     6 |       |       |       |       ||    10
         Condenser vane    |       |       |       |       |       |       |     1 ||     1
    Use: Potion            |     1 |       |     4 |     6 |     3 |     2 |     6 ||    22
         Scroll            |     1 |       |       |     5 |     3 |    21 |     2 ||    32
   Stab: Petrified         |       |       |     2 |       |       |       |       ||     2
         Invisible         |       |       |     3 |       |    11 |       |       ||    14
         Petrifying        |       |       |     1 |       |       |       |       ||     1
         Distracted        |       |       |       |     1 |     1 |    16 |     5 ||    23
 Armour: Scale mail        |    62 |    13 |       |       |       |   407 |   214 ||   696
         Chain mail        |       |     1 |    68 |   225 |   244 |    11 |       ||   549
  Dodge: Dodged            |    35 |    17 |    43 |   146 |   122 |   332 |   172 ||   867
  Block: Buckler           |    16 |     4 |    20 |    93 |     1 |       |       ||   134
         Kite shield       |       |       |       |       |   210 |   615 |   218 ||  1043

Table legend: (Time is in decaauts) A = Elapsed time spent in this place. B = Non-inter-level travel time spent in this place. C = Inter-level travel time spent in this place. D = Time resting spent in this place. E = Time spent auto-exploring this place. F = Levels seen in this place. G = Mean time per level. A B C D E F G +--------+--------+--------+--------+--------+-----+--------+ Total | 11627 | 11627 | 0 | 5737 | 0 | 1 | 11627.0 | Dungeon | 11627 | 11627 | 0 | 5737 | 0 | 1 | 11627.0 | +--------+--------+--------+--------+--------+-----+--------+

Top non-repeatable levels by time:
       D: 11627 daAuts
